Map: Seeds of Aiur

Players

Snake

  • Race: Protoss Protoss
  • League: Silver
  • Spawn Location: 7:00

Arti

  • Race: Protoss Protoss
  • League: Gold
  • Spawn Location: 7:00

Currynut - Winner!

  • Race: Protoss Protoss
  • League: Silver
  • Spawn Location: 1:00

Zander - Winner!

  • Race: Terran Terran
  • Spawn Location: 1:00

VOD

Have the link to the VOD?

Description

Time

  • Played on: Aug. 1, 2018, 5:42 a.m.
  • Length: 22:27
Show
View Real Time Build Order
Export as new Build Order

Snake Protoss 

Build Orders:  

Get SALT Encoding   

  12  0:02  Probe  
  13  0:14  Probe  
  14  0:26  Pylon  
  14  0:44  Forge  
  14  0:48  Probe  
  15  1:00  Probe  
  16  1:12  Probe  
  16  1:42  Pylon  
  16  1:52  Pylon  
  15  2:17  Probe  
  15  2:18  Photon Cannon  
  15  2:20  Assimilator  
  16  2:25  Assimilator  
  16  2:29  Probe  
  17  2:41  Probe  
  18  2:53  Probe  
  19  3:09  Pylon  
  19  3:14  Probe  
  20  3:26  Probe  
  21  3:29  Photon Cannon  
  21  3:32  Photon Cannon  
  21  3:38  Probe  
  21  3:41  Gateway  
  22  3:43  Pylon  
  22  3:46  Pylon  
  22  3:49  Photon Cannon  
  22  3:50  Probe  
  22  3:55  Photon Cannon  
  23  4:02  Probe  
  24  4:40  Cybernetics Core  
  24  4:51  Nexus  
  24  5:01  Pylon  
  24  5:03  Pylon  
  24  5:23  Stargate  
  24  5:25  Stargate  
  24  5:49  Protoss Air Weapons Level 1  
  24  6:00  Void Ray  
  24  6:01  Void Ray  
  24  6:04  Probe  
  25  6:08  Assimilator  
  29  6:12  Assimilator  
  29  6:16  Probe  
  34  6:20  Shield Battery  
  34  6:28  Probe  
  35  6:40  Probe  
  33  6:52  Probe  
  34  6:55  Photon Cannon  
  32  7:03  Probe  
  32  7:05  Pylon  
  32  7:08  Void Ray x2  
  37  7:10  Pylon  
  37  7:11  Probe  
  42  7:19  Probe  
  43  7:30  Probe  
  43  7:36  Photon Cannon  
  44  7:43  Probe  
  45  7:55  Probe  
  46  8:07  Probe  
  47  8:16  Void Ray x2  
  39  8:30  Pylon  
  36  8:53  Photon Cannon  
  36  8:54  Photon Cannon  
  34  8:56  Void Ray  
  35  9:36  Pylon  
  35  9:59  Shield Battery  
  30  11:00  Nexus  
  30  11:04  Void Ray x2  
  38  11:36  Nexus  
  38  11:46  Void Ray  
  42  12:20  Pylon  
  42  12:39  Photon Cannon  
  42  12:43  Photon Cannon, Probe  
  43  12:55  Probe  
  44  13:07  Probe  
  44  13:11  Probe  
  45  13:19  Probe x2  
  48  13:28  Probe  
  48  13:32  Probe  
  50  13:39  Void Ray  
  50  13:40  Probe  
  55  13:44  Probe  
  56  13:53  Void Ray  
  60  13:56  Probe  
  37  14:38  Probe  
  37  14:39  Void Ray  
  37  14:40  Void Ray  
  46  14:50  Probe  
  47  15:03  Probe  
  48  15:15  Probe  
  49  15:27  Probe  
  38  15:39  Void Ray x2  
  38  15:55  Probe  
  39  16:21  Void Ray  
  43  16:28  Void Ray  
  47  16:39  Nexus  
  39  17:04  Void Ray  
  43  17:11  Void Ray  
  47  17:52  Probe  
  47  17:54  Void Ray  
  52  18:00  Probe  
  53  18:07  Assimilator  
  53  18:10  Probe  
  53  18:11  Assimilator  
  53  18:13  Void Ray  
  58  18:22  Probe  
  59  18:34  Probe  
  59  18:37  Fleet Beacon, Void Ray  
  64  18:46  Probe  
  65  18:55  Probe  
  66  19:03  Probe  
  67  19:13  Probe  
  64  19:25  Probe  
  63  19:37  Probe  
  64  19:49  Probe  
  64  19:50  Tempest x2  
  77  19:57  Assimilator  
  77  20:00  Assimilator  
  77  20:01  Probe  
  78  20:13  Probe  
  79  20:25  Probe  
  80  20:37  Probe  
  81  20:49  Probe  
  81  21:02  Probe  
  81  21:04  Pylon  
  82  21:06  Pylon  
  82  21:08  Pylon  
  82  21:21  Tempest  
  82  21:23  Tempest  
Show
View Real Time Build Order
Export as new Build Order

Arti Protoss 

Build Orders:  

Get SALT Encoding   

  12  0:10  Probe  
  13  0:16  Pylon  
  13  0:19  Probe  
  14  0:37  Forge  
  14  0:39  Probe  
  15  0:51  Probe  
  16  1:09  Pylon  
  16  1:23  Pylon  
  15  1:31  Photon Cannon  
  15  1:32  Photon Cannon  
  15  1:36  Probe  
  15  1:44  Probe  
  16  2:15  Probe  
  17  2:23  Assimilator, Probe  
  17  2:24  Pylon  
  18  2:33  Probe  
  18  2:36  Pylon  
  19  2:40  Pylon  
  19  2:45  Probe  
  20  2:55  Photon Cannon  
  20  3:12  Photon Cannon  
  20  3:26  Photon Cannon  
  19  3:36  Photon Cannon  
  19  3:42  Probe  
  20  3:54  Probe  
  21  4:00  Pylon  
  21  4:06  Probe  
  21  4:18  Probe  
  21  4:23  Assimilator  
  22  4:24  Pylon  
  22  4:27  Gateway  
  22  4:30  Probe  
  23  4:42  Probe  
  24  4:46  Photon Cannon  
  24  4:54  Probe  
  25  5:00  Nexus  
  25  5:03  Pylon  
  25  5:21  Pylon  
  25  5:24  Pylon  
  25  5:26  Cybernetics Core  
  25  5:27  Assimilator, Probe  
  26  5:35  Probe  
  27  5:45  Probe  
  27  5:46  Pylon  
  28  5:50  Photon Cannon  
  28  5:53  Assimilator  
  28  5:57  Probe  
  29  6:09  Probe  
  30  6:13  Stargate  
  30  6:16  Stargate  
  30  6:18  Probe  
  31  6:21  Probe  
  32  6:30  Probe  
  33  6:33  Probe  
  34  6:42  Photon Cannon, Probe  
  35  6:49  Void Ray  
  35  6:50  Void Ray  
  35  6:54  Probe  
  35  6:57  Photon Cannon  
  44  7:06  Probe  
  45  7:18  Probe  
  46  7:30  Probe  
  46  7:31  Shield Battery  
  46  7:34  Void Ray  
  46  7:35  Void Ray  
  55  7:47  Fleet Beacon  
  55  8:31  Carrier x2  
  55  9:09  Probe  
  56  9:28  Pylon  
  56  9:29  Pylon  
  56  9:35  Protoss Air Weapons Level 1  
  58  9:56  Carrier  
  58  9:57  Sentry  
  58  10:05  Carrier  
  70  10:16  Mothership  
  78  11:20  Nexus  
  78  11:22  Pylon  
  78  11:25  Pylon  
  78  11:28  Carrier  
  78  11:29  Carrier  
  90  11:40  Assimilator  
  90  11:43  Assimilator  
  90  11:46  Protoss Air Weapons Level 2  
  90  11:59  Photon Cannon  
  90  12:01  Photon Cannon  
  90  12:34  Robotics Facility, Probe  
  90  12:42  Probe  
  92  12:52  Probe  
  92  12:53  Tempest  
  92  12:55  Tempest, Shield Battery  
  92  12:56  Shield Battery  
  105  12:58  Shield Battery  
  105  13:01  Shield Battery  
  105  13:04  Probe  
  106  13:09  Protoss Shields Level 1  
  106  13:16  Probe  
  107  13:25  Observer  
  108  13:28  Probe  
  109  13:36  Void Ray  
  109  13:38  Void Ray  
  109  13:40  Probe  
  118  13:47  Observer  
  119  13:52  Probe  
  114  14:19  Carrier  
  114  14:23  Carrier  
  110  14:40  Mothership  
  112  15:45  Carrier  
  112  15:49  Carrier  
  124  15:51  Protoss Air Weapons Level 3  
  124  16:15  Stargate  
  123  17:06  Pylon  
  123  17:08  Pylon  
  123  17:09  Pylon  
  123  17:11  Pylon  
  123  17:12  Pylon  
  123  17:15  Pylon  
  123  17:17  Pylon  
  123  17:24  Carrier, Void Ray  
  123  17:26  Tempest  
  121  18:05  Mothership  
  121  18:07  Carrier  
  121  18:08  Tempest  
  133  18:28  Protoss Air Armor Level 1  
  133  18:43  Carrier x2  
  144  19:25  Void Ray  
  98  20:05  Void Ray  
  98  20:06  Void Ray  
  98  20:07  Void Ray  
  98  20:09  Twilight Council  
  110  20:46  Nexus  
  110  20:48  Tempest, Void Ray  
  120  20:50  Carrier  
  103  21:31  Void Ray  
Show
View Real Time Build Order
Export as new Build Order

Currynut Protoss - Winner!

Build Orders:  

Get SALT Encoding   

  1  0:00  Probe  
  12  0:05  Probe  
  14  0:20  Pylon  
  14  0:25  Probe  
  15  0:38  Probe  
  15  0:42  Gateway  
  16  0:54  Probe  
  17  1:03  Gateway  
  17  1:21  Probe  
  17  1:23  Zealot  
  20  1:33  Probe  
  20  1:35  Cybernetics Core  
  21  1:45  Probe  
  22  1:49  Assimilator  
  22  1:57  Probe  
  20  2:17  Probe  
  19  2:30  Assimilator  
  19  2:47  Gateway  
  19  2:49  Gateway  
  19  2:50  Probe  
  20  2:54  Stalker  
  22  3:02  Probe  
  23  3:46  Pylon  
  23  3:49  Pylon  
  23  3:54  Probe  
  23  4:04  Zealot x2, Stalker x2  
  29  4:31  Probe  
  30  4:32  Stargate  
  30  4:45  Warp Gate  
  25  4:51  Stalker  
  25  4:52  Zealot x3  
  33  4:58  Assimilator  
  33  5:00  Probe  
  33  5:04  Nexus  
  36  5:23  Probe  
  37  5:38  Oracle  
  38  5:43  Pylon  
  38  5:53  Pylon  
  38  5:57  Assimilator, Probe  
  38  6:02  Assimilator  
  39  6:09  Probe  
  40  6:12  Robotics Facility  
  40  6:21  Probe  
  41  6:33  Probe  
  41  6:45  Probe  
  39  7:11  Probe  
  39  7:15  Phoenix  
  42  7:23  Probe  
  42  7:24  Observer  
  42  7:27  Gateway  
  44  7:31  Gateway  
  44  7:35  Probe  
  45  7:47  Probe, Stalker  
  48  7:54  Stalker x3  
  50  8:36  Pylon  
  50  8:38  Pylon  
  48  8:44  Nexus  
  48  8:45  Pylon  
  48  8:47  Assimilator  
  48  8:51  Assimilator  
  44  9:16  Phoenix  
  41  9:41  Phoenix  
  41  9:42  Probe  
  44  9:54  Probe  
  44  9:55  Warp Prism  
  47  10:01  Stalker x3  
  47  10:02  Stalker  
  47  10:06  Phoenix, Probe  
  58  10:14  Probe  
  58  10:18  Probe  
  60  10:22  Probe  
  53  10:31  Probe  
  53  10:32  Gateway, Probe  
  53  10:33  Gateway  
  53  10:36  Gateway  
  51  10:44  Probe  
  52  10:54  Void Ray  
  52  10:56  Probe  
  57  10:59  Pylon  
  57  11:01  Pylon, Observer  
  57  11:03  Pylon  
  56  11:07  Stalker  
  56  11:08  Probe, Stalker  
  56  11:11  Probe  
  62  11:15  Probe  
  62  11:20  Probe  
  62  11:23  Probe  
  64  11:32  Stalker x2  
  67  11:33  Probe  
  70  11:45  Probe  
  70  11:47  Twilight Council  
  71  11:53  Probe  
  72  12:05  Void Ray, Probe  
  72  12:08  Forge  
  77  12:10  Forge  
  78  12:22  Probe  
  78  12:24  Fleet Beacon  
  78  12:27  Stalker  
  78  12:28  Stalker  
  82  12:35  Probe  
  83  12:46  Blink  
  83  12:47  Probe  
  84  13:03  Probe  
  84  13:15  Probe  
  84  13:18  Stalker  
  84  13:19  Stalker x2  
  91  13:20  Stalker x3  
  91  13:21  Stalker x3  
  103  13:27  Probe  
  103  13:30  Protoss Ground Weapons Level 1  
  103  13:32  Protoss Ground Armor Level 1  
  104  13:45  Stalker  
  104  13:46  Stalker x3  
  104  13:47  Stalker x2  
  116  13:57  Pylon  
  116  13:58  Pylon  
  116  14:01  Pylon  
  116  14:14  Void Ray  
  108  14:29  Stalker  
  108  14:30  Stalker x4  
  108  14:31  Stalker x4  
  80  14:57  Tempest  
  86  15:25  Stalker  
  86  15:26  Stalker x3  
  86  15:27  Stalker x4  
  86  15:28  Stalker  
  96  15:40  Tempest  
  96  15:41  Protoss Air Weapons Level 1  
  102  15:47  Protoss Ground Weapons Level 2  
  102  15:48  Protoss Ground Armor Level 2  
  102  16:01  Stargate  
  102  16:04  Stargate  
  102  16:24  Warp Prism  
  104  16:26  Tempest  
  110  16:46  Nexus  
  106  16:58  Tempest x2  
  118  17:06  Probe x2  
  118  17:07  Probe  
  118  17:08  Nexus  
  101  17:47  Tempest  
  101  17:48  Tempest x2  
  113  17:59  Probe  
  113  18:00  Protoss Air Weapons Level 2, Probe x3  
  117  18:14  Warp Prism  
  117  18:16  Protoss Shields Level 1  
  119  18:22  Stalker x2  
  119  18:23  Stalker  
  119  18:26  Zealot  
  119  18:27  Zealot x5  
  137  18:50  Assimilator  
  137  18:51  Assimilator  
  137  18:55  Assimilator x2  
  137  19:00  Observer  
  128  19:30  Tempest x2  
  132  19:49  Probe  
  133  19:56  Probe  
  134  20:02  Probe  
  135  20:08  Probe  
  136  20:20  Probe  
  137  20:24  Stalker x3  
  137  20:25  Stalker x4  
  137  20:26  Stalker x2  
  137  20:27  Tempest  
  161  20:31  Nexus  
  161  20:32  Probe  
  162  20:44  Probe  
  164  20:50  Observer  
  164  20:56  Probe  
Show
View Real Time Build Order
Export as new Build Order

Zander Terran - Winner!

Build Orders: MMM Bio 

Get SALT Encoding   

  12  0:00  SCV  
  13  0:13  SCV  
  14  0:19  Supply Depot  
  14  0:25  SCV  
  15  0:30  Refinery  
  15  0:40  SCV  
  16  0:48  Barracks  
  16  0:53  SCV  
  17  1:05  SCV  
  19  1:32  SCV  
  19  1:39  Marine  
  19  1:45  SCV  
  21  1:57  SCV, Marine  
  21  2:13  Orbital Command  
  21  2:21  Marine  
  22  2:39  Marine  
  22  2:43  Factory  
  23  2:45  Refinery  
  23  2:49  Supply Depot  
  23  2:50  Supply Depot  
  23  3:11  SCV, Marine  
  25  3:28  Marine, Factory Tech Lab  
  25  3:46  Marine  
  29  3:48  Siege Tank  
  29  3:51  SCV  
  30  4:00  Barracks  
  30  4:03  SCV  
  30  4:04  Barracks, Marine  
  32  4:16  SCV  
  33  4:20  Siege Tank  
  35  4:28  SCV  
  36  4:49  Barracks Tech Lab  
  35  5:06  Siege Tank  
  38  5:08  Barracks Reactor x2  
  38  5:11  Marine  
  39  5:36  Supply Depot  
  39  5:37  Supply Depot x2  
  39  5:47  Engineering Bay  
  39  5:57  Siege Tank, Marine  
  39  6:00  Engineering Bay  
  43  6:07  Marine x4  
  47  6:11  SCV  
  47  6:15  Marine  
  49  6:20  Stimpack  
  49  6:22  Terran Infantry Weapons Level 1  
  49  6:23  SCV, Command Center  
  49  6:24  Marine  
  49  6:25  Marine  
  52  6:28  Terran Infantry Armor Level 1  
  52  6:30  Marine  
  52  6:31  Marine  
  54  6:33  Marauder  
  56  6:42  Marine  
  56  6:44  Marine  
  58  6:47  SCV  
  58  6:48  Marine  
  60  6:54  Marauder  
  60  7:01  SCV  
  63  7:07  Refinery  
  63  7:09  Missile Turret x2  
  63  7:21  Supply Depot  
  63  7:23  Missile Turret  
  63  7:35  SCV, Marauder  
  66  7:38  Marine  
  66  7:39  Marine x3  
  70  7:52  Orbital Command  
  70  7:56  Marauder  
  66  8:27  Marine x5  
  66  8:29  Siege Tank  
  69  8:45  Marine x3  
  69  8:46  Marauder  
  72  8:50  Barracks  
  72  8:51  Barracks  
  72  8:52  Starport  
  69  9:07  Marauder  
  67  9:11  Marine x3  
  67  9:12  Marine  
  67  9:15  Widow Mine  
  71  9:28  Marine  
  71  9:29  Marine x2  
  71  9:38  SCV x2  
  73  9:40  Refinery  
  73  9:44  Command Center  
  73  9:47  Marine x2  
  75  9:57  Armory  
  75  10:04  Marine x3  
  75  10:06  Barracks Reactor  
  75  10:07  Barracks Reactor  
  78  10:09  Combat Shields  
  78  10:11  SCV  
  78  10:13  SCV  
  80  10:23  SCV  
  80  10:25  SCV, Supply Depot  
  57  10:45  Marine  
  57  10:46  Marauder, Marine x7  
  61  11:03  Marine  
  61  11:04  Marine x7  
  62  11:06  Orbital Command  
  62  11:07  Marauder  
  62  11:11  Missile Turret  
  71  11:13  SCV x2  
  73  11:18  Terran Vehicle Weapons Level 1  
  73  11:25  SCV  
  74  11:30  Missile Turret  
  74  11:32  Missile Turret  
  74  11:34  Missile Turret x2  
  74  11:35  SCV x2  
  74  11:37  SCV  
  77  11:40  Terran Infantry Weapons Level 2  
  77  11:50  SCV  
  77  11:51  SCV x2  
  80  11:56  Marine x4  
  80  12:00  Missile Turret  
  80  12:01  Missile Turret  
  84  12:03  SCV, Marine x5  
  90  12:12  SCV x2  
  90  12:14  Supply Depot  
  90  12:15  SCV  
  93  12:16  Supply Depot, Marine x3  
  96  12:25  Marine x6  
  96  12:27  SCV  
  96  12:28  SCV  
  104  12:30  SCV  
  104  12:34  Marine x3  
  108  12:39  SCV  
  108  12:40  SCV  
  108  12:42  Terran Infantry Armor Level 2  
  108  12:43  SCV  
  111  12:52  SCV  
  111  12:55  Starport  
  111  12:56  Marine  
  111  12:57  Starport, Marine x8  
  121  12:59  SCV x2  
  123  13:07  Supply Depot  
  123  13:08  Supply Depot  
  123  13:11  Supply Depot  
  123  13:14  Marine  
  123  13:15  Marine  
  125  13:29  Medivac, Marine  
  125  13:30  SCV x3  
  125  13:34  Supply Depot  
  131  13:37  Refinery x2  
  131  13:42  SCV  
  131  13:45  Marine  
  131  13:46  Marine x7  
  131  13:47  Medivac  
  142  13:53  SCV x2  
  144  13:58  Command Center, Marine  
  144  13:59  Medivac  
  126  14:26  Marine  
  126  14:27  Marine x8  
  126  14:29  Medivac  
  114  14:44  Marine  
  114  14:45  Marine x8  
  115  14:51  Widow Mine  
  112  15:02  Marine  
  112  15:03  Viking x3, Marine x6  
  112  15:06  SCV  
  126  15:07  SCV  
  126  15:12  Widow Mine  
  129  15:14  Terran Infantry Weapons Level 3  
  129  15:15  Terran Infantry Armor Level 3  
  129  15:18  Terran Ship Weapons Level 1  
  129  15:20  SCV x2  
  131  15:22  Supply Depot  
  131  15:24  Supply Depot  
  131  15:26  Marine  
  131  15:27  Missile Turret, Marine x8  
  140  15:28  Supply Depot  
  140  15:30  SCV  
  140  15:32  SCV  
  140  15:33  Viking x3  
  148  15:37  Orbital Command  
  148  15:44  Marine x4  
  148  15:45  Marine x4  
  148  15:48  Missile Turret  
  156  15:52  SCV  
  156  15:53  Marine  
  156  15:56  Thor  
  164  16:02  Marine x7  
  164  16:03  Viking  
  173  16:06  Marine  
  173  16:07  Viking  
  173  16:08  Viking, Missile Turret  
  178  16:11  Marine  
  179  16:27  Refinery, Marine  
  179  16:28  Marine x7  
  179  16:29  Marine  
  179  16:31  Refinery  
  188  16:33  Viking  
  190  16:43  Command Center  
  190  16:45  Marine x5  
  190  16:46  Marine  
  196  16:53  Supply Depot  
  196  17:12  Terran Vehicle And Ship Armor Level 1  
  196  17:14  Marine x2  
  196  17:15  Viking  
  200  17:31  Viking  
  200  17:32  Viking  
  167  17:37  Refinery  
  167  17:38  Missile Turret  
  167  17:39  Refinery  
  167  17:41  Missile Turret, Marine x8  
  167  17:42  Marine  
  130  17:44  Missile Turret  
  130  17:45  Viking  
  130  17:51  Thor  
  135  17:59  Planetary Fortress, Marine x8  
  135  18:00  Marauder  
  145  18:08  Viking x2  
  149  18:16  Marine  
  148  18:21  Marauder  
  137  18:34  Thor  
  135  18:38  Marine  
  135  18:39  Marine x7  
  142  18:43  Marauder  
  139  18:55  Viking x3  
  133  18:56  Marine  
  133  18:57  Marine x4  
  142  19:04  Marauder  
  142  19:05  Marine x3  
  142  19:06  Terran Vehicle Weapons Level 2  
  145  19:14  Marine  
  145  19:15  Marine x3  
  145  19:16  Thor  
  145  19:19  Marine  
  145  19:22  Marine  
  145  19:23  Marine x2  
  139  19:25  Viking x3, Marine  
  146  19:32  Marine  
  136  19:40  Marine  
  136  19:41  Marine x6  
  136  19:43  Marine  
  136  19:50  Marine  
  137  19:55  Viking x3  
  137  19:58  Marine  
  137  19:59  Thor, Marine x2  
  152  20:01  Marauder  
  154  20:13  Orbital Command  
  154  20:22  Marauder  
  154  20:23  Marine  
  154  20:24  Marine x7  
  164  20:32  Command Center  
  164  20:41  Marine  
  164  20:42  Marine x4  
  169  20:47  Marine x2  
  169  20:48  Marine x2  
  173  20:56  Command Center  
  173  20:59  Marine x5  
  178  21:05  Marine x3  
  164  21:23  Marine  
  164  21:24  Marauder, Marine x6  
  137  21:28  Marine  
  109  21:41  Marine x2  
  109  21:42  Marine x5  
  109  21:46  Marauder, Marine  
  113  21:49  Medivac x3  
  118  21:59  Marine x6  
  118  22:00  Marine  
  123  22:04  Marine  
Tags
 
Add a new tag
Caveats
  • Supply blocks, unpowered buildings, or Contaminate may cause inaccurate times.
  • Supply counts are checked every 10 seconds.